 Dungeon Crawl Stone Soup version 0.29-a0-919-gd064cfad1c (webtiles) character file.

Game seed: 12304672502875887080

98 Hubjo the Insei (level 4, -8/34 HPs)
             Began as a Demonspawn Transmuter on July 26, 2022.
             Mangled by a gnoll
             ... wielding a +0 halberd
              (15 damage)
             ... on level 3 of the Dungeon.
             The game lasted 00:02:35 (2114 turns).

Hubjo the Insei (Demonspawn Transmuter)             Turns: 2114, Time: 00:02:36

Health: -8/34      AC:  2    Str: 10    XL:     4   Next: 43%
Magic:  6/7        EV: 12    Int: 17    God:
Gold:   86         SH:  0    Dex: 19    Spells: 7/8 levels left

rFire   . . .      SeeInvis .     - Unarmed
rCold   . . .      Faith    .   (no shield)
rNeg    . . .      Spirit   .   a - +0 robe
rPois   .          Reflect  .   (helmet currently unavailable)
rElec   .          Harm     .   (no cloak)
rCorr   .          Rampage  .   (no gloves)
Will    .....                   (boots currently unavailable)
Stlth   ++........              (no amulet)
HPRegen 0.11/turn               c - +6 ring of dexterity
MPRegen 0.10/turn               (no ring)

@: appendages (expiring)
A: horns 2, talons 2, powered by death 1, demonic magic 1
a: End Transformation


You were on level 3 of the Dungeon.
You had temporarily grown beastly horns and talons.
You visited 1 branch of the dungeon, and saw 3 of its levels.

You collected 86 gold pieces.

Inventory:

Armour
 a - a +0 robe (worn)
Jewellery
 c - a +6 ring of dexterity (left hand)
Scrolls
 d - a scroll of enchant armour {unknown}
 e - a scroll of silence {unknown}
 f - a scroll of identify {unknown}
 h - a scroll of blinking {unknown}
Potions
 b - a potion of lignification
 g - a potion of degeneration {unknown}
 i - a potion of attraction {unknown}
 j - a potion of berserk rage {unknown}


   Skills:
 * Level 2.8 Fighting
 - Level 1.7 Dodging
 + Level 3.2 Unarmed Combat
 + Level 2.5 Spellcasting
 + Level 2.4 Transmutations


You had 7 spell levels left.
You knew the following spells:

 Your Spells              Type           Power      Damage    Failure   Level
a - Beastly Appendage     Tmut           20%        N/A       7%          1

Your spell library contained the following spells:

 Spells                   Type           Power      Damage    Failure   Level
 Wereblood                Tmut           10%        N/A       11%         2
 Passwall                 Tmut/Erth      5%         N/A       17%         2
 Sandblast                Erth           4%         2d4       19%         1
 Spider Form              Tmut/Pois      6%         N/A       32%         3
 Stone Arrow              Conj/Erth      4%         3d7       50%         3
 Summon Guardian Golem    Hex/Summ       2%         N/A       50%         3
 Ice Form                 Ice/Tmut       6%         N/A       73%         4
 Airstrike                Air            1%         0-2+      88%         4
 Summon Lightning Spire   Summ/Air       2%         N/A       88%         4
 Lightning Bolt           Conj/Air       1%         1d12      99%         5
 Orb of Destruction       Conj           1%         9d5       100%        7
 Spellforged Servitor     Conj/Summ      1%         N/A       100%        7


Dungeon Overview and Level Annotations

Branches:
Dungeon (3/15)

Altars:


Innate Abilities, Weirdness & Mutations

You have temporarily grown beastly horns and talons.
You regenerate a little health from kills.
Spells you cast may paralyse adjacent enemies.


Message History

No target in view!
Your transformation is almost over.
A gnoll comes into view. It is wielding a +0 halberd.
A gnoll is nearby!
A gnoll is nearby!
A gnoll is nearby!
The gnoll shouts!
You see here a +0 spear.
You extend your transformation's duration.
Malevolent energies surge around you.
A gnoll comes into view. It is wielding a +0 whip.
The gnoll shouts!
The gnoll hits you with a +0 halberd.
You hit the gnoll but do no damage. Your kick misses the gnoll.
The gnoll closely misses you.
You hit the gnoll. You claw the gnoll.
The gnoll is heavily wounded.
The gnoll misses you.
You hit the gnoll but do no damage. You claw the gnoll.
The gnoll is severely wounded.
The gnoll barely misses you.
You hit the gnoll but do no damage. Your kick misses the gnoll.
The gnoll is severely wounded.
You hit the gnoll. Your punch misses the gnoll.
The gnoll is moderately wounded.
The gnoll barely misses you.
You barely miss the gnoll.
The gnoll is moderately wounded.
You hit the gnoll. Your kick misses the gnoll.
The gnoll is heavily wounded.
The gnoll hits you from afar with a +0 halberd.
You are too injured to fight recklessly!
You hit the gnoll. You claw the gnoll, but do no damage.
You headbutt the gnoll.
You kill the gnoll!
Your transformation is almost over.
The gnoll hits you from afar with a +0 halberd!
* * * LOW HITPOINT WARNING * * *
The gnoll hits you from afar with a +0 halberd!
You die...

.. .# #≈.≈ ##.....
...###.#####.#####....##
...#...............>#.##
.............#....###.##
............##....# #...
#...........##....######
............##..........
#....g...))........##.##
###....@..†........+....
####....##.......##.##
#.#####.?.....##.# #.
##.#######.## #. #.#
#... ## ### ####


You could see a gnoll.

Vanquished Creatures
  3 gnolls (D:3)
  An adder (D:2)
  3 bats
  3 endoplasms
  6 giant cockroaches
  8 hobgoblins
  5 jackals
  2 kobolds
  2 quokkas
  4 ball pythons
  4 frilled lizards
  18 rats (D:2)
59 creatures vanquished.

Notes
Turn   | Place    | Note
-------+----------+-------------------------------------------
     0 | D:1      | Hubjo the Demonspawn Transmuter began the quest for the
                  | Orb.
     0 | D:1      | Reached XP level 1. HP: 15/15 MP: 3/3
   296 | D:1      | Gained mutation: You regenerate a little health from kills.
                  | [demonic ancestry]
   296 | D:1      | Reached XP level 2. HP: 15/21 MP: 5/5
   621 | D:1      | You fall into a shaft and drop 1 floor!
   811 | D:1      | Reached XP level 3. HP: 27/27 MP: 4/6
  1230 | D:2      | Reached skill level 3 in Unarmed Combat
  2095 | D:3      | Gained mutation: Spells you cast may paralyse adjacent
                  | enemies. [demonic ancestry]
  2095 | D:3      | Reached XP level 4. HP: 26/34 MP: 5/7
  2114 | D:3      | Mangled by a gnoll

Illustrated notes

Levels and vault maps discovered:
D:1:      minmay_arrival_four_loops, layout_rooms
D:2:      layout_loops_cross, minmay_rat_hole
D:3:      layout_basic, nicolae_ru_sacrificial_ziggurat,
          amethyst_overflow_temple_binary, hellmonk_ecumenical_altar_arch_garden

Skill      XL: |  1  2  3 |
---------------+----------+-----
Transmutations | 2 |  2.4
Fighting       | 2 |  2.8
Unarmed Combat | 3 |  3.2
Dodging        | |  1.7
Spellcasting   | |  2.5

Action                   |  1- 3 |  4- 6 || total
-------------------------+-------+-------++-------
Melee: Unarmed           |   129 |    12 ||   141
       Kick              |    27 |     4 ||    31
       Headbutt          |     6 |     2 ||     8
       Punch             |     2 |     1 ||     3
 Cast: Beastly Appendage |    33 |     1 ||    34
Armor: Robe              |    22 |       ||    22
Dodge: Dodged            |    58 |     6 ||    64

Table legend: (Time is in decaauts)
 A = Elapsed time spent in this place.
 B = Non-inter-level travel time spent in this place.
 C = Inter-level travel time spent in this place.
 D = Time resting spent in this place.
 E = Time spent auto-exploring this place.
 F = Levels seen in this place.
 G = Mean time per level.
                   A        B        C        D        E       F      G
               +--------+--------+--------+--------+--------+-----+--------+
         Total |   2104 |   2074 |     30 |      0 |   1722 |   3 |  701.3 |
       Dungeon |   2104 |   2074 |     30 |      0 |   1722 |   3 |  701.3 |
               +--------+--------+--------+--------+--------+-----+--------+

Top non-repeatable levels by time:
     D:1: 934 daAuts
     D:2: 725 daAuts
     D:3: 444 daAuts
